Sharks vs Oilers

Created - den 9 december 2014 at 18:48

Goals
1 2 3 OT1 T
Sharks 1 0 1 1 3
Oilers 1 1 0 0 2
Shots
1 2 3 OT1 T
Sharks 12 5 5 1 23
Oilers 14 11 14 0 39

1st period

1. Oilers , Ben Smith 6 (Derek Stepan) at 9:20
2. Sharks , Jeff Skinner 16 (Andrew Ladd, Christian Ehrhoff) at 15:12

Penalties :
Jeff Petry (EDM) for Tripping (Minor) at 4:45, Ben Smith (EDM) for High sticking (Double Minor) at 9:24

2nd period

3. Oilers , David Legwand 7 (Daniel Alfredsson, Justin Abdelkader) at 2:35

Penalties :
Jan Hejda (EDM) for Holding (Minor) at 6:27

3rd period

4. Sharks , Andrew Ladd 12 (Sean Couturier, Colin McDonald) at 8:18

Penalties :
Jan Hejda (EDM) for Hooking (Minor) at 16:02, Justin Braun (SJS) for Hooking (Minor) at 19:36

Overtime #1

5. Sharks , Jeff Skinner 17 (Jared Spurgeon, Jack Johnson) at 1:42

Penalties :
No Penalty

Goalie Stats

Cory Schneider (SJS), 37 saves from 39 shots - (0,949), W, 14-10-2, 61:43 minutes
Henrik Lundqvist (EDM), 20 saves from 23 shots - (0,870), OTL, 16-4-3, 61:43 minutes

Players Stats for Sharks

Player Name              G  A  P  +/- PIM S  H  SB GA TA FO     MP     PP MP  PK MP  
------------------------------------------------------------------------------------
Alexander Semin          0  0  0   0  0   1  0  0  0  0  0/2    20:16   5:02   0:00 
Andrew Ladd              1  1  2   1  0   7  2  0  0  0  0/1    24:23   4:54   0:23 
Christian Ehrhoff        0  1  1   0  0   0  0  1  0  0  0/0    16:01   5:28   0:16 
Colin McDonald           0  1  1   1  0   0  0  0  0  0  0/0     5:05   0:00   0:00 
Dmitry Orlov             0  0  0   0  0   0  0  0  0  0  0/0     9:48   0:00   0:00 
Jack Johnson             0  1  1   0  0   1  2  1  0  0  0/0    29:10   5:01   1:43 
Jared Spurgeon           0  1  1   0  0   1  1  1  0  0  0/0    24:04   4:43   0:41 
Jay McClement            0  0  0  -1  0   0  2  0  0  0  2/4    16:19   0:52   1:18 
Jeff Skinner             2  0  2   1  0   4  1  0  0  0  1/3    21:04   4:54   0:00 
Joe Corvo                0  0  0   0  0   0  1  0  0  0  0/0     8:40   4:01   0:00 
Josh Bailey              0  0  0  -1  0   2  0  0  0  0  0/2    13:19   0:00   0:00 
Justin Braun             0  0  0   1  2   0  0  0  0  0  0/0    17:04   0:00   0:00 
Lars Eller               0  0  0  -1  0   1  3  0  0  0  4/11   14:27   0:00   0:41 
Mike Ribeiro             0  0  0   1  0   2  1  0  0  0  17/32  21:04   4:54   0:00 
Nick Bonino              0  0  0   0  0   3  1  0  0  0  14/29  19:40   4:10   0:00 
Sean Couturier           0  1  1   1  0   0  0  0  0  0  1/6     5:05   0:00   0:00 
Tyler Ennis              0  0  0   0  0   1  1  0  0  0  0/1    20:16   5:02   0:00 
Zach Bogosian            0  0  0   1  0   0  1  1  0  0  0/0    19:07   0:39   1:18 

Players Stats for Oilers

Player Name              G  A  P  +/- PIM S  H  SB GA TA FO     MP     PP MP  PK MP  
------------------------------------------------------------------------------------
Andy Greene              0  0  0  -2  0   0  0  1  0  0  0/0    24:46   0:17   4:52 
Ben Smith                1  0  1   0  4   1  1  0  0  0  12/20  13:39   0:00   3:24 
Cody Franson             0  0  0   0  0   1  2  0  0  0  0/0    18:13   0:17   0:00 
Corey Perry              0  0  0  -1  0   8  2  0  0  0  5/8    21:17   0:17   2:01 
Craig Smith              0  0  0   0  0   2  0  0  0  0  1/1    10:16   0:00   0:00 
Daniel Alfredsson        0  1  1   0  0   3  0  0  0  0  1/1    17:12   0:06   0:00 
David Legwand            1  0  1   1  0   3  0  0  0  0  9/17   16:11   0:00   0:00 
Derek Stepan             0  1  1   0  0   3  0  0  0  0  1/2    17:03   0:06   5:53 
Eric Staal               0  0  0  -2  0   7  2  0  0  0  16/30  23:31   0:17   4:08 
Jan Hejda                0  0  0  -2  4   0  5  1  0  0  0/0    22:28   0:06   2:47 
Jeff Halpern             0  0  0   0  0   3  2  0  0  0  0/0     8:55   0:00   3:52 
Jeff Petry               0  0  0   0  2   1  0  5  0  0  0/0    21:48   0:00   3:53 
Joe Vitale               0  0  0   0  0   1  1  0  0  0  5/8     5:03   0:00   0:00 
Jonathan Ericsson        0  0  0   1  0   0  2  1  0  0  0/0    17:07   0:00   3:16 
Justin Abdelkader        0  1  1   1  0   2  3  0  0  0  1/2    16:11   0:00   0:00 
Mikael Granlund          0  0  0   0  0   3  0  0  0  0  1/1     5:09   0:06   0:00 
Nick Foligno             0  0  0  -1  0   1  2  0  0  0  0/1    19:02   0:17   0:34 
Paul Martin              0  0  0   1  0   0  0  2  0  0  0/0    19:01   0:06   5:04 

3 Stars

1 - Jeff Skinner (SJS)
2 - Andrew Ladd (SJS)
3 - Cory Schneider (SJS)

Power Play

Sharks - 0 on 5 Attempt(s) - 0,00%
Oilers - 0 on 1 Attempt(s) - 0,00%

Penalty Kill

Sharks - 1 on 1 Attempt(s) - 100,00% - Score 0 goal in Penalty Kill
Oilers - 5 on 5 Attempt(s) - 100,00% - Score 0 goal in Penalty Kill

Official

Referees : Chris Ciamaga and Jeff Smith
Linesman : Vaughan Rody and Lonnie Cameron

Game Notes

No Game Note

Finance

Level 1 -- Attendance: 4762 (84,84%) -- Ticket Income 457.152 kr
Level 2 -- Attendance: 3960 (84,65%) -- Ticket Income 229.680 kr
Level 3 -- Attendance: 1386 (74,08%) -- Ticket Income 45.738 kr
Level 4 -- Attendance: 2733 (73,06%) -- Ticket Income 60.126 kr
Luxury Box -- Attendance: 936 (100,00%) -- Ticket Income 176.904 kr
Game was played at the Rexall Place
Total Attendance: 13777 (81,82%)
Total Ticket Income: 969.600 kr
Other Income: 475.104 kr
Total Income: 1.444.704 kr

Sharks

5 vs 5 Forward 
   Center                   Left Wing                Right Wing               Time % Phy DF OF 
 1 Mike Ribeiro             Andrew Ladd              Jeff Skinner             35     1   1  3  
 2 Nick Bonino              Tyler Ennis              Alexander Semin          33     1   1  3  
 3 Lars Eller               Jay McClement            Josh Bailey              27     1   1  3  
 4 Sean Couturier           Andrew Ladd              Colin McDonald           5      2   2  1  

5 vs 5 Defense 
   Defense                  Defense                                           Time % Phy DF OF 
 1 Jared Spurgeon           Jack Johnson                                      41     1   2  2  
 2 Zach Bogosian            Justin Braun                                      37     1   2  2  
 3 Christian Ehrhoff        Dmitry Orlov                                      17     1   3  1  
 4 Jack Johnson             Joe Corvo                                         5      1   3  1  

PowerPlay Forward 
   Center                   Left Wing                Right Wing               Time % Phy DF OF 
 1 Mike Ribeiro             Andrew Ladd              Jeff Skinner             70     0   0  5  
 2 Nick Bonino              Tyler Ennis              Alexander Semin          30     0   0  5  

PowerPlay Defense
   Defense                  Defense                                           Time % Phy DF OF 
 1 Jared Spurgeon           Christian Ehrhoff                                 70     0   0  5  
 2 Joe Corvo                Jack Johnson                                      30     0   0  5  

Penalty Kill 4 Players Forward 
   Center                   Wing                     Time % Phy DF OF 
 1 Jay McClement            Andrew Ladd              75     0   5  0  
 2 Lars Eller               Sean Couturier           25     0   5  0  

Penalty Kill 4 Players Defense
   Defense                  Defense                  Time % Phy DF OF 
 1 Justin Braun             Zach Bogosian            60     1   4  0  
 2 Jack Johnson             Jared Spurgeon           40     1   4  0  

Penalty Kill - 3 Players Forward 
   Forward                                           Time % Phy DF OF 
 1 Jay McClement                                     60     0   5  0  
 2 Lars Eller                                        40     0   5  0  

Penalty Kill - 3 Players Defense
   Defense                  Defense                  Time % Phy DF OF 
 1 Justin Braun             Zach Bogosian            60     1   4  0  
 2 Jack Johnson             Jared Spurgeon           40     1   4  0  

4 vs 4 Forward 
   Center                   Wing                     Time % Phy DF OF 
 1 Mike Ribeiro             Jeff Skinner             60     0   1  4  
 2 Andrew Ladd              Alexander Semin          40     0   1  4  

4 vs 4 Defense
   Defense                  Defense                  Time % Phy DF OF 
 1 Jack Johnson             Jared Spurgeon           60     1   2  2  
 2 Zach Bogosian            Justin Braun             40     1   2  2  

Last Minutes Offensive
   Center                   Left Wing                Right Wing               Defense                  Defense                  
   Mike Ribeiro             Andrew Ladd              Jeff Skinner             Jared Spurgeon           Christian Ehrhoff        

Last Minutes Defensive
   Center                   Left Wing                Right Wing               Defense                  Defense                  
   Jay McClement            Andrew Ladd              Lars Eller               Jack Johnson             Christian Ehrhoff        

Goaltenders
Starting : Cory Schneider           
Backup : Dan Ellis                

Extra Forwards
Normal : Andrew Ladd, Jeff Skinner, Alexander Semin - PP : Andrew Ladd, Alexander Semin - PK : Jay McClement
Extra Defensemen
Normal : Christian Ehrhoff, Jack Johnson, Zach Bogosian - PP : Christian Ehrhoff - PK : Jack Johnson, Zach Bogosian
Penalty Shots
Andrew Ladd, Nick Bonino, Tyler Ennis, Jeff Skinner, Lars Eller

Oilers

5 vs 5 Forward 
   Center                   Left Wing                Right Wing               Time % Phy DF OF 
 1 Eric Staal               Nick Foligno             Corey Perry              40     1   2  2  
 2 David Legwand            Justin Abdelkader        Daniel Alfredsson        30     1   2  2  
 3 Ben Smith                Derek Stepan             Craig Smith              20     1   2  2  
 4 Joe Vitale               Mikael Granlund          Jeff Halpern             10     1   2  2  

5 vs 5 Defense 
   Defense                  Defense                                           Time % Phy DF OF 
 1 Andy Greene              Jan Hejda                                         40     1   2  2  
 2 Cody Franson             Jeff Petry                                        30     1   2  2  
 3 Paul Martin              Jonathan Ericsson                                 20     1   2  2  
 4 Cody Franson             Jeff Petry                                        10     1   2  2  

PowerPlay Forward 
   Center                   Left Wing                Right Wing               Time % Phy DF OF 
 1 Eric Staal               Nick Foligno             Corey Perry              60     1   2  2  
 2 Mikael Granlund          Derek Stepan             Daniel Alfredsson        40     1   2  2  

PowerPlay Defense
   Defense                  Defense                                           Time % Phy DF OF 
 1 Andy Greene              Cody Franson                                      60     0   1  4  
 2 Paul Martin              Jan Hejda                                         40     0   1  4  

Penalty Kill 4 Players Forward 
   Center                   Wing                     Time % Phy DF OF 
 1 Ben Smith                Derek Stepan             60     0   4  1  
 2 Eric Staal               Jeff Halpern             40     0   4  1  

Penalty Kill 4 Players Defense
   Defense                  Defense                  Time % Phy DF OF 
 1 Andy Greene              Jan Hejda                60     1   4  0  
 2 Jeff Petry               Paul Martin              40     1   4  0  

Penalty Kill - 3 Players Forward 
   Forward                                           Time % Phy DF OF 
 1 Ben Smith                                         60     0   5  0  
 2 Derek Stepan                                      40     0   5  0  

Penalty Kill - 3 Players Defense
   Defense                  Defense                  Time % Phy DF OF 
 1 Andy Greene              Jan Hejda                60     0   5  0  
 2 Jeff Petry               Paul Martin              40     0   5  0  

4 vs 4 Forward 
   Center                   Wing                     Time % Phy DF OF 
 1 Eric Staal               Daniel Alfredsson        60     1   2  2  
 2 Derek Stepan             Corey Perry              40     1   2  2  

4 vs 4 Defense
   Defense                  Defense                  Time % Phy DF OF 
 1 Cody Franson             Jeff Petry               60     1   2  2  
 2 Paul Martin              Jonathan Ericsson        40     1   2  2  

Last Minutes Offensive
   Center                   Left Wing                Right Wing               Defense                  Defense                  
   Eric Staal               Derek Stepan             Corey Perry              Cody Franson             Paul Martin              

Last Minutes Defensive
   Center                   Left Wing                Right Wing               Defense                  Defense                  
   Ben Smith                Derek Stepan             Corey Perry              Andy Greene              Jan Hejda                

Goaltenders
Starting : Henrik Lundqvist         
Backup : Jeff Zatkoff             

Extra Forwards
Normal : Derek Stepan, Craig Smith, Corey Perry - PP : Craig Smith, Daniel Alfredsson - PK : Corey Perry
Extra Defensemen
Normal : Paul Martin, Cody Franson, Andy Greene - PP : Paul Martin - PK : Jonathan Ericsson, Jeff Petry
Penalty Shots
Corey Perry, Eric Staal, Craig Smith, Daniel Alfredsson, Derek Stepan

% Time on Ice - Sharks

Lines # - Real PCT - Wanted PCT - Time Play
Normal Forward
1 - 32% - 35% - 16:03
2 - 31% - 33% - 15:14
3 - 27% - 27% - 13:19
4 - 10% - 5% - 5:05
Normal Defense
1 - 38% - 41% - 18:40
2 - 34% - 37% - 16:58
3 - 20% - 17% - 9:48
4 - 9% - 5% - 4:15
PP Forward
1 - 49% - 70% - 4:54
2 - 51% - 30% - 5:02
PP Defense
1 - 60% - 70% - 5:55
2 - 40% - 30% - 4:01
PK Forward
1 - 100% - 75% - 0:23
2 - 0% - 25% - 0:00
PK Defense
1 - 100% - 60% - 0:23
2 - 0% - 40% - 0:00
PK3 Forward
1 - 57% - 60% - 0:55
2 - 43% - 40% - 0:41
PK3 Defense
1 - 100% - 60% - 1:36
2 - 0% - 40% - 0:00
44 Forward
1 - 100% - 60% - 0:07
2 - 0% - 40% - 0:00
44 Defense
1 - 0% - 60% - 0:00
2 - 100% - 40% - 0:07
Last Minute Offensive  - 0:00
Last Minute Defensive  - 0:00
Total
Forward - 61:43
Defense - 61:43

% Time on Ice - Oilers

Lines # - Real PCT - Wanted PCT - Time Play
Normal Forward
1 - 37% - 40% - 18:11
2 - 33% - 30% - 16:11
3 - 21% - 20% - 10:16
4 - 10% - 10% - 5:03
Normal Defense
1 - 39% - 40% - 19:37
2 - 28% - 30% - 13:57
3 - 26% - 20% - 13:03
4 - 6% - 10% - 3:04
PP Forward
1 - 74% - 60% - 0:17
2 - 26% - 40% - 0:06
PP Defense
1 - 74% - 60% - 0:17
2 - 26% - 40% - 0:06
PK Forward
1 - 74% - 60% - 7:23
2 - 26% - 40% - 2:33
PK Defense
1 - 50% - 60% - 4:57
2 - 50% - 40% - 4:59
PK3 Forward
1 - 0% - 60%
2 - 0% - 40%
PK3 Defense
1 - 0% - 60%
2 - 0% - 40%
44 Forward
1 - 53% - 60% - 0:55
2 - 47% - 40% - 0:48
44 Defense
1 - 53% - 60% - 0:55
2 - 47% - 40% - 0:48
Last Minute Offensive  - 0:00
Last Minute Defensive  - 0:00
Total
Forward - 61:43
Defense - 61:43

Play by Play

1st period


0:01 of 1st period - Mike Ribeiro wins face-off versus Eric Staal in neutral zone.
0:06 of 1st period - Shot by Jared Spurgeon.
0:06 of 1st period - Shot Misses the Net.
0:16 of 1st period - Shot by Jeff Skinner.
0:16 of 1st period - Stopped by Henrik Lundqvist without a rebound.
0:17 of 1st period - Nick Bonino wins face-off versus David Legwand in Oilers zone.
1:07 of 1st period - Off-side.
1:08 of 1st period - Lars Eller wins face-off versus Ben Smith in neutral zone.
1:32 of 1st period - Shot by Lars Eller.
1:32 of 1st period - Stopped by Henrik Lundqvist with a rebound.
1:34 of 1st period - Shot by Jay McClement.
1:34 of 1st period - Shot Blocked by Jonathan Ericsson.
1:36 of 1st period - Shot by Josh Bailey.
1:36 of 1st period - Stopped by Henrik Lundqvist without a rebound.
1:37 of 1st period - Eric Staal wins face-off versus Jeff Skinner in Oilers zone.
1:37 of 1st period - Eric Staal is hit by Andrew Ladd.
1:58 of 1st period - Shot by Mike Ribeiro.
1:58 of 1st period - Stopped by Henrik Lundqvist with a rebound.
2:16 of 1st period - Shot by Andrew Ladd.
2:16 of 1st period - Stopped by Henrik Lundqvist without a rebound.
2:17 of 1st period - Joe Vitale wins face-off versus Nick Bonino in Oilers zone.
2:26 of 1st period - Shot by Jeff Halpern.
2:26 of 1st period - Shot Blocked by Jack Johnson.
2:28 of 1st period - Shot by Jeff Petry.
2:28 of 1st period - Shot Misses the Net.
2:44 of 1st period - Shot by Jeff Halpern.
2:44 of 1st period - Stopped by Cory Schneider without a rebound.
2:45 of 1st period - Lars Eller wins face-off versus Ben Smith in Sharks zone.
2:45 of 1st period - Lars Eller is hit by Jonathan Ericsson.
3:19 of 1st period - Derek Stepan is hit by Zach Bogosian and loses puck.
4:12 of 1st period - Jack Johnson is hit by Eric Staal and loses puck.
4:45 of 1st period - Minor Penalty to Jeff Petry for Tripping.
4:46 of 1st period - Ben Smith wins face-off versus Nick Bonino in Oilers zone.
5:27 of 1st period - Shot by Jeff Halpern.
5:27 of 1st period - Stopped by Cory Schneider without a rebound.
5:28 of 1st period - Eric Staal wins face-off versus Mike Ribeiro in Sharks zone.
5:47 of 1st period - Shot by Andrew Ladd.
5:47 of 1st period - Stopped by Henrik Lundqvist without a rebound.
5:48 of 1st period - Derek Stepan wins face-off versus Nick Bonino in Oilers zone.
5:48 of 1st period - Derek Stepan is hit by Tyler Ennis.
6:06 of 1st period - Icing by Jack Johnson.
6:07 of 1st period - Nick Bonino wins face-off versus Ben Smith in Sharks zone.
6:07 of 1st period - Nick Bonino is hit by Jan Hejda.
6:35 of 1st period - Jared Spurgeon is hit by Jeff Halpern and loses puck.
6:50 of 1st period - Shot by David Legwand.
6:50 of 1st period - Stopped by Cory Schneider without a rebound.
6:51 of 1st period - Lars Eller wins face-off versus David Legwand in Sharks zone.
7:02 of 1st period - Shot by Josh Bailey.
7:02 of 1st period - Shot Blocked by Jeff Petry.
7:14 of 1st period - Shot by Lars Eller.
7:14 of 1st period - Shot Misses the Net.
7:16 of 1st period - Shot by Zach Bogosian.
7:16 of 1st period - Shot Blocked by Jeff Petry.
7:18 of 1st period - Shot by Josh Bailey.
7:18 of 1st period - Stopped by Henrik Lundqvist without a rebound.
7:19 of 1st period - Mike Ribeiro wins face-off versus Eric Staal in Oilers zone.
7:22 of 1st period - Shot by Jeff Skinner.
7:22 of 1st period - Stopped by Henrik Lundqvist without a rebound.
7:23 of 1st period - Eric Staal wins face-off versus Andrew Ladd in Oilers zone.
7:42 of 1st period - Off-side.
7:43 of 1st period - David Legwand wins face-off versus Nick Bonino in neutral zone.
7:56 of 1st period - Icing by Justin Braun.
7:57 of 1st period - Eric Staal wins face-off versus Nick Bonino in Sharks zone.
7:58 of 1st period - Shot by Corey Perry.
7:58 of 1st period - Stopped by Cory Schneider without a rebound.
7:59 of 1st period - Nick Bonino wins face-off versus David Legwand in Sharks zone.
7:59 of 1st period - Nick Bonino is hit by Justin Abdelkader.
9:14 of 1st period - Shot by Corey Perry.
9:14 of 1st period - Stopped by Cory Schneider without a rebound.
9:15 of 1st period - Ben Smith wins face-off versus Mike Ribeiro in Sharks zone.
9:20 of 1st period - Shot by Ben Smith.
9:20 of 1st period - Goal by Ben Smith - Sharks : 0 - Oilers : 1.
9:21 of 1st period - Craig Smith wins face-off versus Mike Ribeiro in neutral zone.
9:24 of 1st period - Double Minor Penalty to Ben Smith for High sticking.
9:25 of 1st period - Mike Ribeiro wins face-off versus Corey Perry in Oilers zone.
9:38 of 1st period - Shot by Andrew Ladd.
9:38 of 1st period - Stopped by Henrik Lundqvist without a rebound.
9:39 of 1st period - Mike Ribeiro wins face-off versus Corey Perry in Oilers zone.
10:47 of 1st period - Shot by Nick Bonino.
10:47 of 1st period - Shot Misses the Net.
10:49 of 1st period - Shot by Jack Johnson.
10:49 of 1st period - Shot Misses the Net.
10:51 of 1st period - Shot by Jack Johnson.
10:51 of 1st period - Shot Blocked by Jeff Petry.
10:53 of 1st period - Shot by Jack Johnson.
10:53 of 1st period - Stopped by Henrik Lundqvist without a rebound.
10:54 of 1st period - Corey Perry wins face-off versus Nick Bonino in Oilers zone.
11:44 of 1st period - Icing by Mike Ribeiro.
11:45 of 1st period - Corey Perry wins face-off versus Mike Ribeiro in Sharks zone.
11:48 of 1st period - Shot by Corey Perry.
11:48 of 1st period - Stopped by Cory Schneider with a rebound.
11:58 of 1st period - Shot by Eric Staal.
11:58 of 1st period - Stopped by Cory Schneider with a rebound.
14:01 of 1st period - Colin McDonald is hit by Jonathan Ericsson and loses puck.
14:22 of 1st period - Shot by Josh Bailey.
14:22 of 1st period - Deflect By Nick Bonino.
14:22 of 1st period - Stopped by Henrik Lundqvist without a rebound.
14:23 of 1st period - Nick Bonino wins face-off versus Joe Vitale in Oilers zone.
14:32 of 1st period - Joe Corvo is hit by Jeff Halpern and loses puck.
14:47 of 1st period - Shot by Mikael Granlund.
14:47 of 1st period - Stopped by Cory Schneider with a rebound.
14:49 of 1st period - Shot by Jeff Halpern.
14:49 of 1st period - Shot Misses the Net.
14:51 of 1st period - Shot by Jeff Halpern.
14:51 of 1st period - Stopped by Cory Schneider without a rebound.
14:52 of 1st period - Eric Staal wins face-off versus Mike Ribeiro in Sharks zone.
14:56 of 1st period - Icing by Dmitry Orlov.
14:57 of 1st period - Eric Staal wins face-off versus Mike Ribeiro in Sharks zone.
15:12 of 1st period - Shot by Jeff Skinner.
15:12 of 1st period - Goal by Jeff Skinner - Sharks : 1 - Oilers : 1.
15:13 of 1st period - Ben Smith wins face-off versus Josh Bailey in neutral zone.
15:13 of 1st period - Ben Smith is hit by Jay McClement.
15:50 of 1st period - Shot by Derek Stepan.
15:50 of 1st period - Stopped by Cory Schneider without a rebound.
15:51 of 1st period - Mike Ribeiro wins face-off versus Corey Perry in Sharks zone.
16:14 of 1st period - Shot by Corey Perry.
16:14 of 1st period - Deflect By Nick Foligno.
16:14 of 1st period - Shot Misses the Net.
16:49 of 1st period - Justin Abdelkader is hit by Jack Johnson and loses puck.
16:52 of 1st period - Shot by Paul Martin.
16:52 of 1st period - Shot Blocked by Jared Spurgeon.
16:54 of 1st period - Shot by David Legwand.
16:54 of 1st period - Shot Misses the Net.
16:56 of 1st period - Shot by Daniel Alfredsson.
16:56 of 1st period - Stopped by Cory Schneider without a rebound.
16:57 of 1st period - Nick Bonino wins face-off versus Joe Vitale in Sharks zone.
17:02 of 1st period - Shot by Tyler Ennis.
17:02 of 1st period - Shot Blocked by Jeff Petry.
17:49 of 1st period - Shot by Justin Abdelkader.
17:49 of 1st period - Stopped by Cory Schneider with a rebound.
18:32 of 1st period - Shot by Eric Staal.
18:32 of 1st period - Stopped by Cory Schneider with a rebound.
19:49 of 1st period - Craig Smith is hit by Jared Spurgeon.
Goals for this period are 1 for Sharks vs 1 for Oilers.
Shots for this period are 12 for Sharks vs 14 for Oilers.

2nd period


0:01 of 2nd period - Mike Ribeiro wins face-off versus Eric Staal in neutral zone.
0:24 of 2nd period - Icing by Jared Spurgeon.
0:25 of 2nd period - Mike Ribeiro wins face-off versus David Legwand in Sharks zone.
0:25 of 2nd period - Mike Ribeiro is hit by Justin Abdelkader.
0:34 of 2nd period - Shot by Andrew Ladd.
0:34 of 2nd period - Stopped by Henrik Lundqvist without a rebound.
0:35 of 2nd period - Ben Smith wins face-off versus Lars Eller in Oilers zone.
0:42 of 2nd period - Shot by Craig Smith.
0:42 of 2nd period - Stopped by Cory Schneider without a rebound.
0:43 of 2nd period - Nick Bonino wins face-off versus Eric Staal in Sharks zone.
1:04 of 2nd period - Zach Bogosian is hit by Nick Foligno and loses puck.
1:09 of 2nd period - Shot by Nick Foligno.
1:09 of 2nd period - Deflect By Corey Perry.
1:09 of 2nd period - Stopped by Cory Schneider without a rebound.
1:10 of 2nd period - Mike Ribeiro wins face-off versus David Legwand in Sharks zone.
1:16 of 2nd period - Off-side.
1:17 of 2nd period - David Legwand wins face-off versus Jeff Skinner in neutral zone.
1:21 of 2nd period - Icing by Jared Spurgeon.
1:22 of 2nd period - Mike Ribeiro wins face-off versus Eric Staal in Sharks zone.
1:32 of 2nd period - Eric Staal is hit by Mike Ribeiro and loses puck.
1:39 of 2nd period - Shot by Mike Ribeiro.
1:39 of 2nd period - Shot Blocked by Jan Hejda.
1:41 of 2nd period - Shot by Jared Spurgeon.
1:41 of 2nd period - Stopped by Henrik Lundqvist with a rebound.
2:11 of 2nd period - Icing by Jan Hejda.
2:12 of 2nd period - Lars Eller wins face-off versus Eric Staal in Oilers zone.
2:35 of 2nd period - Shot by Daniel Alfredsson.
2:35 of 2nd period - Deflect By David Legwand.
2:35 of 2nd period - Goal by David Legwand - Sharks : 1 - Oilers : 2.
2:36 of 2nd period - Nick Bonino wins face-off versus Ben Smith in neutral zone.
2:42 of 2nd period - Tyler Ennis is hit by Cody Franson and loses puck.
3:36 of 2nd period - Icing by Jack Johnson.
3:37 of 2nd period - Jeff Skinner wins face-off versus Joe Vitale in Sharks zone.
3:37 of 2nd period - Jeff Skinner is hit by Joe Vitale.
4:31 of 2nd period - Icing by Jared Spurgeon.
4:32 of 2nd period - Eric Staal wins face-off versus Mike Ribeiro in Sharks zone.
5:21 of 2nd period - Icing by Jeff Petry.
5:22 of 2nd period - Eric Staal wins face-off versus Lars Eller in Oilers zone.
6:14 of 2nd period - Shot by Alexander Semin.
6:14 of 2nd period - Shot Misses the Net.
6:16 of 2nd period - Shot by Tyler Ennis.
6:16 of 2nd period - Deflect By Nick Bonino.
6:16 of 2nd period - Shot Hit the Post.
6:18 of 2nd period - Shot by Justin Braun.
6:18 of 2nd period - Shot Blocked by Andy Greene.
6:27 of 2nd period - Minor Penalty to Jan Hejda for Holding.
6:28 of 2nd period - Ben Smith wins face-off versus Nick Bonino in Oilers zone.
7:25 of 2nd period - Shot by Mike Ribeiro.
7:25 of 2nd period - Stopped by Henrik Lundqvist without a rebound.
7:26 of 2nd period - Mike Ribeiro wins face-off versus Ben Smith in Oilers zone.
7:31 of 2nd period - Shot by Andrew Ladd.
7:31 of 2nd period - Stopped by Henrik Lundqvist without a rebound.
7:32 of 2nd period - Mike Ribeiro wins face-off versus Ben Smith in Oilers zone.
7:54 of 2nd period - Icing by Jared Spurgeon.
7:55 of 2nd period - Mike Ribeiro wins face-off versus Eric Staal in Sharks zone.
8:22 of 2nd period - Shot by Derek Stepan.
8:22 of 2nd period - Stopped by Cory Schneider without a rebound.
8:23 of 2nd period - Nick Bonino wins face-off versus Eric Staal in Sharks zone.
8:43 of 2nd period - Icing by Cody Franson.
8:44 of 2nd period - David Legwand wins face-off versus Nick Bonino in Oilers zone.
9:12 of 2nd period - Joe Corvo is hit by Justin Abdelkader and loses puck.
9:31 of 2nd period - Shot by Eric Staal.
9:31 of 2nd period - Shot Misses the Net.
9:33 of 2nd period - Shot by Nick Foligno.
9:33 of 2nd period - Shot Misses the Net.
9:35 of 2nd period - Shot by Corey Perry.
9:35 of 2nd period - Shot Misses the Net.
10:04 of 2nd period - Icing by Jack Johnson.
10:05 of 2nd period - Ben Smith wins face-off versus Nick Bonino in Sharks zone.
10:23 of 2nd period - Icing by Joe Corvo.
10:24 of 2nd period - Joe Vitale wins face-off versus Nick Bonino in Sharks zone.
10:27 of 2nd period - Shot by Mikael Granlund.
10:27 of 2nd period - Stopped by Cory Schneider without a rebound.
10:28 of 2nd period - David Legwand wins face-off versus Mike Ribeiro in Sharks zone.
11:18 of 2nd period - Off-side.
11:19 of 2nd period - Jay McClement wins face-off versus Eric Staal in neutral zone.
11:22 of 2nd period - Andy Greene is hit by Jay McClement and loses puck.
11:39 of 2nd period - Shot by Nick Foligno.
11:39 of 2nd period - Shot Misses the Net.
12:17 of 2nd period - Corey Perry is hit by Jack Johnson and loses puck.
13:02 of 2nd period - Shot by Derek Stepan.
13:02 of 2nd period - Stopped by Cory Schneider without a rebound.
13:03 of 2nd period - David Legwand wins face-off versus Nick Bonino in Sharks zone.
13:10 of 2nd period - Shot by Daniel Alfredsson.
13:10 of 2nd period - Shot Blocked by Zach Bogosian.
13:15 of 2nd period - Off-side.
13:16 of 2nd period - Joe Vitale wins face-off versus Nick Bonino in neutral zone.
13:25 of 2nd period - Shot by Joe Vitale.
13:25 of 2nd period - Stopped by Cory Schneider without a rebound.
13:26 of 2nd period - Ben Smith wins face-off versus Lars Eller in Sharks zone.
13:27 of 2nd period - Shot by Craig Smith.
13:27 of 2nd period - Stopped by Cory Schneider without a rebound.
13:28 of 2nd period - Ben Smith wins face-off versus Lars Eller in Sharks zone.
13:46 of 2nd period - Off-side.
13:47 of 2nd period - Justin Abdelkader wins face-off versus Mike Ribeiro in neutral zone.
14:54 of 2nd period - Daniel Alfredsson is hit by Lars Eller and loses puck.
15:15 of 2nd period - Zach Bogosian is hit by Eric Staal and loses puck.
15:32 of 2nd period - Shot by Eric Staal.
15:32 of 2nd period - Shot Misses the Net.
15:34 of 2nd period - Shot by Nick Foligno.
15:34 of 2nd period - Shot Misses the Net.
15:36 of 2nd period - Shot by Eric Staal.
15:36 of 2nd period - Stopped by Cory Schneider with a rebound.
15:38 of 2nd period - Shot by Jeff Petry.
15:38 of 2nd period - Stopped by Cory Schneider with a rebound.
15:40 of 2nd period - Shot by Nick Foligno.
15:40 of 2nd period - Shot Blocked by Christian Ehrhoff.
18:07 of 2nd period - Shot by Alexander Semin.
18:07 of 2nd period - Deflect By Nick Bonino.
18:07 of 2nd period - Stopped by Henrik Lundqvist without a rebound.
18:08 of 2nd period - Corey Perry wins face-off versus Sean Couturier in Oilers zone.
18:23 of 2nd period - Shot by Corey Perry.
18:23 of 2nd period - Stopped by Cory Schneider without a rebound.
18:24 of 2nd period - David Legwand wins face-off versus Nick Bonino in Sharks zone.
18:40 of 2nd period - Icing by David Legwand.
18:41 of 2nd period - Mike Ribeiro wins face-off versus David Legwand in Oilers zone.
18:41 of 2nd period - Mike Ribeiro is hit by Jan Hejda.
19:07 of 2nd period - Andrew Ladd is hit by Jan Hejda and loses puck.
Goals for this period are 0 for Sharks vs 1 for Oilers.
Shots for this period are 5 for Sharks vs 11 for Oilers.

3rd period


0:01 of 3rd period - Mike Ribeiro wins face-off versus Eric Staal in neutral zone.
0:03 of 3rd period - Jeff Skinner is hit by Corey Perry and loses puck.
1:54 of 3rd period - Shot by Daniel Alfredsson.
1:54 of 3rd period - Shot Misses the Net.
3:51 of 3rd period - Shot by Tyler Ennis.
3:51 of 3rd period - Stopped by Henrik Lundqvist without a rebound.
3:52 of 3rd period - Nick Bonino wins face-off versus Justin Abdelkader in Oilers zone.
5:41 of 3rd period - Icing by Joe Corvo.
5:42 of 3rd period - Joe Vitale wins face-off versus Sean Couturier in Sharks zone.
5:42 of 3rd period - Mikael Granlund is hit by Joe Corvo and loses puck.
6:01 of 3rd period - Off-side.
6:02 of 3rd period - Eric Staal wins face-off versus Alexander Semin in neutral zone.
6:25 of 3rd period - Shot by Corey Perry.
6:25 of 3rd period - Stopped by Cory Schneider without a rebound.
6:26 of 3rd period - David Legwand wins face-off versus Lars Eller in Sharks zone.
6:29 of 3rd period - Shot by Daniel Alfredsson.
6:29 of 3rd period - Stopped by Cory Schneider with a rebound.
7:19 of 3rd period - Icing by Dmitry Orlov.
7:20 of 3rd period - Eric Staal wins face-off versus Lars Eller in Sharks zone.
7:35 of 3rd period - Cody Franson is hit by Lars Eller and loses puck.
8:01 of 3rd period - Icing by Justin Braun.
8:02 of 3rd period - Sean Couturier wins face-off versus Ben Smith in Sharks zone.
8:02 of 3rd period - Sean Couturier is hit by Ben Smith.
8:18 of 3rd period - Shot by Sean Couturier.
8:18 of 3rd period - Deflect By Andrew Ladd.
8:18 of 3rd period - Goal by Andrew Ladd - Sharks : 2 - Oilers : 2.
8:19 of 3rd period - Nick Bonino wins face-off versus David Legwand in neutral zone.
8:32 of 3rd period - Shot by Alexander Semin.
8:32 of 3rd period - Shot Blocked by Paul Martin.
8:54 of 3rd period - Shot by Justin Abdelkader.
8:54 of 3rd period - Stopped by Cory Schneider without a rebound.
8:55 of 3rd period - Mike Ribeiro wins face-off versus Eric Staal in Sharks zone.
9:10 of 3rd period - Shot by Corey Perry.
9:10 of 3rd period - Deflect By Eric Staal.
9:10 of 3rd period - Stopped by Cory Schneider without a rebound.
9:11 of 3rd period - Ben Smith wins face-off versus Sean Couturier in Sharks zone.
9:41 of 3rd period - Off-side.
9:42 of 3rd period - Eric Staal wins face-off versus Alexander Semin in neutral zone.
10:08 of 3rd period - Off-side.
10:09 of 3rd period - David Legwand wins face-off versus Josh Bailey in neutral zone.
10:41 of 3rd period - Shot by Lars Eller.
10:41 of 3rd period - Shot Misses the Net.
10:47 of 3rd period - Paul Martin is hit by Lars Eller and loses puck.
11:27 of 3rd period - Shot by Corey Perry.
11:27 of 3rd period - Stopped by Cory Schneider without a rebound.
11:28 of 3rd period - Mike Ribeiro wins face-off versus Derek Stepan in Sharks zone.
12:01 of 3rd period - Shot by Mike Ribeiro.
12:01 of 3rd period - Shot Misses the Net.
12:06 of 3rd period - Off-side.
12:07 of 3rd period - Nick Bonino wins face-off versus Eric Staal in neutral zone.
12:07 of 3rd period - Nick Bonino is hit by Corey Perry.
12:20 of 3rd period - Shot by Eric Staal.
12:20 of 3rd period - Stopped by Cory Schneider without a rebound.
12:21 of 3rd period - Joe Vitale wins face-off versus Sean Couturier in Sharks zone.
13:03 of 3rd period - Icing by Christian Ehrhoff.
13:04 of 3rd period - Corey Perry wins face-off versus Sean Couturier in Sharks zone.
13:27 of 3rd period - Shot by Corey Perry.
13:27 of 3rd period - Stopped by Cory Schneider without a rebound.
13:28 of 3rd period - Ben Smith wins face-off versus Lars Eller in Sharks zone.
13:59 of 3rd period - Josh Bailey is hit by Cody Franson and loses puck.
14:34 of 3rd period - Shot by Eric Staal.
14:34 of 3rd period - Stopped by Cory Schneider without a rebound.
14:35 of 3rd period - David Legwand wins face-off versus Mike Ribeiro in Sharks zone.
14:36 of 3rd period - Shot by Daniel Alfredsson.
14:36 of 3rd period - Stopped by Cory Schneider without a rebound.
14:37 of 3rd period - Corey Perry wins face-off versus Mike Ribeiro in Sharks zone.
14:40 of 3rd period - Shot by Eric Staal.
14:40 of 3rd period - Stopped by Cory Schneider without a rebound.
14:41 of 3rd period - Eric Staal wins face-off versus Mike Ribeiro in Sharks zone.
14:56 of 3rd period - Off-side.
14:57 of 3rd period - Daniel Alfredsson wins face-off versus Nick Bonino in neutral zone.
15:18 of 3rd period - Shot by David Legwand.
15:18 of 3rd period - Stopped by Cory Schneider without a rebound.
15:19 of 3rd period - Mike Ribeiro wins face-off versus Nick Foligno in Sharks zone.
15:30 of 3rd period - Jeff Skinner is hit by Jan Hejda and loses puck.
15:49 of 3rd period - Shot by Eric Staal.
15:49 of 3rd period - Shot Misses the Net.
15:54 of 3rd period - Andrew Ladd is hit by Nick Foligno and loses puck.
16:00 of 3rd period - Jared Spurgeon is hit by Jan Hejda and loses puck.
16:02 of 3rd period - Minor Penalty to Jan Hejda for Hooking.
16:03 of 3rd period - Nick Bonino wins face-off versus Ben Smith in Oilers zone.
16:04 of 3rd period - Shot by Alexander Semin.
16:04 of 3rd period - Stopped by Henrik Lundqvist without a rebound.
16:05 of 3rd period - Ben Smith wins face-off versus Nick Bonino in Oilers zone.
16:05 of 3rd period - Ben Smith is hit by Nick Bonino.
16:44 of 3rd period - Icing by Jared Spurgeon.
16:45 of 3rd period - Nick Bonino wins face-off versus Eric Staal in Sharks zone.
17:36 of 3rd period - Shot by Mike Ribeiro.
17:36 of 3rd period - Deflect By Andrew Ladd.
17:36 of 3rd period - Shot Misses the Net.
17:38 of 3rd period - Shot by Joe Corvo.
17:38 of 3rd period - Shot Misses the Net.
17:40 of 3rd period - Shot by Andrew Ladd.
17:40 of 3rd period - Shot Blocked by Jeff Petry.
17:42 of 3rd period - Shot by Andrew Ladd.
17:42 of 3rd period - Stopped by Henrik Lundqvist without a rebound.
17:43 of 3rd period - Eric Staal wins face-off versus Mike Ribeiro in Oilers zone.
17:43 of 3rd period - Eric Staal is hit by Jeff Skinner.
17:50 of 3rd period - Icing by Jack Johnson.
17:51 of 3rd period - Eric Staal wins face-off versus Mike Ribeiro in Sharks zone.
18:27 of 3rd period - Shot by Josh Bailey.
18:27 of 3rd period - Shot Misses the Net.
18:46 of 3rd period - Icing by Jonathan Ericsson.
18:47 of 3rd period - Nick Bonino wins face-off versus David Legwand in Oilers zone.
18:54 of 3rd period - Shot by Tyler Ennis.
18:54 of 3rd period - Shot Misses the Net.
18:56 of 3rd period - Shot by Christian Ehrhoff.
18:56 of 3rd period - Shot Misses the Net.
18:58 of 3rd period - Shot by Dmitry Orlov.
18:58 of 3rd period - Shot Blocked by Paul Martin.
19:00 of 3rd period - Shot by Nick Bonino.
19:00 of 3rd period - Stopped by Henrik Lundqvist without a rebound.
19:01 of 3rd period - Eric Staal wins face-off versus Mike Ribeiro in Oilers zone.
19:01 of 3rd period - Eric Staal is hit by Andrew Ladd.
19:13 of 3rd period - Shot by Eric Staal.
19:13 of 3rd period - Shot Misses the Net.
19:15 of 3rd period - Shot by Cody Franson.
19:15 of 3rd period - Stopped by Cory Schneider with a rebound.
19:33 of 3rd period - Shot by Nick Foligno.
19:33 of 3rd period - Stopped by Cory Schneider without a rebound.
19:34 of 3rd period - Ben Smith wins face-off versus Tyler Ennis in Sharks zone.
19:36 of 3rd period - Minor Penalty to Justin Braun for Hooking.
19:37 of 3rd period - Mikael Granlund wins face-off versus Jay McClement in Sharks zone.
19:42 of 3rd period - Shot by Mikael Granlund.
19:42 of 3rd period - Stopped by Cory Schneider without a rebound.
19:43 of 3rd period - Jay McClement wins face-off versus Eric Staal in Sharks zone.
Goals for this period are 1 for Sharks vs 0 for Oilers.
Shots for this period are 5 for Sharks vs 14 for Oilers.

Overtime #1


0:01 of 1st overtime period - Eric Staal wins face-off versus Jay McClement in neutral zone.
0:36 of 1st overtime period - Shot by Eric Staal.
0:36 of 1st overtime period - Shot Misses the Net.
1:42 of 1st overtime period - Shot by Jeff Skinner.
1:42 of 1st overtime period - Goal by Jeff Skinner - Sharks : 3 - Oilers : 2.
Goals for this period are 1 for Sharks vs 0 for Oilers.
Shots for this period are 1 for Sharks vs 0 for Oilers.


Output by the SimonT Hockey Simulator (STHS) for Mathias Vaigur -- Original Page W3C XHTML 1.0 Valid
Hockey Simulator - Hockey Simulation - Hockey Manager